 Dungeon Crawl Stone Soup version 0.30-a0-956-gcec3b41aec (webtiles) character file.

Game seed: 7462208709235385329

211 GloriousHammer the Ruffian (level 5, -3/53 HPs)
             Began as a Troll Fighter on Mar 29, 2023.
             Slain by an orc
             ... wielding a +0 falchion
              (6 damage)
             ... on level 4 of the Dungeon.
             The game lasted 00:03:56 (2182 turns).

GloriousHammer the Ruffian (Troll Fighter)          Turns: 2182, Time: 00:03:57

Health: -3/53      AC:  4    Str: 24    XL:     5   Next: 57%
Magic:  4/4        EV:  8    Int:  6    God:
Gold:   246        SH:  8    Dex:  9    Spells: 4/4 levels left

rFire   . . .      SeeInvis .      - Unarmed
rCold   . . .      Faith    .    b - +0 kite shield
rNeg    . . .      Spirit   .    a - +0 robe
rPois   .          Reflect  .    (helmet restricted)
rElec   .          Rampage  .    (no cloak)
rCorr   +                        (gloves unavailable)
Will    .....                    (boots unavailable)
Stlth   +                        (no amulet)
HPRegen 1.08/turn                R - ring of resist corrosion
MPRegen 0.09/turn                (no ring)

@: mighty
A: large, unfitting armour, claws 3, regeneration 1, shaggy fur 1, tough skin 1
a: no special abilities


You were on level 4 of the Dungeon.
You visited 1 branch of the dungeon, and saw 4 of its levels.

You collected 246 gold pieces.

Inventory:

Missiles
 f - 39 stones (quivered)
 m - 2 poisoned darts
Armour
 a - a +0 robe (worn)
 b - a +0 kite shield (worn)
Jewellery
 q - an amulet of faith
 R - a ring of resist corrosion (left claw)
Wands
 v - a wand of quicksilver (12)
Scrolls
 g - 2 scrolls of immolation {unknown}
 h - 3 scrolls of identify {unknown}
 i - a scroll of poison {unknown}
 n - a scroll of fear {unknown}
 r - a scroll of teleportation {unknown}
 s - 4 scrolls of enchant armour {unknown}
 u - 2 scrolls of vulnerability {unknown}
Potions
 d - a potion of berserk rage {unknown}
 e - a potion of attraction {unknown}
 j - a potion of heal wounds {unknown}
 k - a potion of lignification {unknown}
 l - a potion of mutation {unknown}
 o - a potion of resistance {unknown}
 p - a potion of curing {unknown}
 t - a potion of degeneration {unknown}


   Skills:
 + Level 3.3 Fighting
 - Level 2.4 Dodging
 + Level 3.6 Shields
 * Level 4.4 Unarmed Combat


You had 4 spell levels left.
You didn't know any spells.
Your spell library contained the following spells:

 Spells                   Type           Power      Damage    Failure   Level
 Shock                    Conj/Air       0%         1d3       75%         1
 Ensorcelled Hibernation  Hex/Ice        0%         N/A       87%         2
 Passwall                 Tmut/Erth      0%         N/A       87%         2
 Swiftness                Air            0%         N/A       98%         3
 Airstrike                Air            0%         2d(0-16)  100%        4


Dungeon Overview and Level Annotations

Branches:
Dungeon (4/15)
 Temple: D:4-7

Altars:
Yredelemnul


Innate Abilities, Weirdness & Mutations

You are too large for most types of armour.
You have claws for hands.
Your natural rate of healing is unusually fast.
You are covered in fur. (AC +1)
You have tough skin. (AC +1)


Message History

You barely miss the jackal.
The jackal is heavily wounded.
The jackal bites you. x2; The jackal closely misses you.
You scratch the jackal.
You kill the jackal!
You block the jackal's attack. x2; You block the quokka's attack.
You claw the quokka!
You kill the quokka!
The jackal bites you.
You completely miss the jackal. You block the jackal's attack.
You claw the jackal!
You kill the jackal!
Found 6 stones.
You see here a jackal corpse.
Found a stone staircase leading down.
f - 39 stones (gained 6)
An orc priest comes into view. It is wielding a +0 whip.
An orc priest is nearby!
An orc priest is nearby!
The orc priest shouts!
You hear a shout!
The orc priest invokes the aid of Beogh against you.
Pain shoots through your body!
An orc wizard comes into view. It is wielding a +0 dagger.
An iguana comes into view.
An orc comes into view. It is wielding a +0 falchion.
You block the orc priest's attack.
You barely miss the orc priest.
An orc comes into view. It is wielding a +0 flail.
The orc shouts! x2
The orc priest closely misses you. The orc wizard barely misses you.
You scratch the orc priest.
The orc priest is lightly wounded.
The orc priest hits you but does no damage.
The orc wizard hits you with a +0 dagger.
You mangle the orc priest!!
You kill the orc priest!
The orc wizard hits you but does no damage.
You scratch the orc wizard.
The orc wizard is moderately wounded.
The orc wizard points at you and mumbles some strange words.
You are confused.
You closely miss the orc. The orc hits you but does no damage.
The iguana barely misses you.
The orc wizard hits you with a +0 dagger.
The orc barely misses you.
The iguana bites you but does no damage.
The orc wizard barely misses you. The iguana attacks as you move away!
The iguana misses you. The orc attacks as you move away!
The orc closely misses you.
You feel less confused.
The orc wizard casts a spell.
The orc wizard flickers and vanishes!
Deactivating autopickup; reactivate with Ctrl-A.
You block the orc's attack.
You closely miss something. The orc barely misses you.
The iguana completely misses you. Something hits you but does no damage.
You barely miss the iguana. The orc closely misses you.
You block the iguana's attack. Something hits you.
The orc hits you with a +0 flail!
You scratch the iguana.
The iguana is moderately wounded.
The orc barely misses you. You block the orc's attack. The iguana bites you!
Something hits you.
Unknown command.
The orc attacks as you move away! You block the orc's attack.
The iguana bites you. Something hits you. Something completely misses you.
The orc attacks as you move away! The orc hits you with a +0 falchion.
The iguana barely misses you. Something hits you.
Something hits you but does no damage. The orc attacks as you move away!
The orc hits you with a +0 falchion.
* * * LOW HITPOINT WARNING * * *
You feel very mighty all of a sudden. The orc misses you. The iguana bites you!
* * * LOW HITPOINT WARNING * * *
You closely miss the iguana.
The iguana is lightly wounded.
The orc closely misses you. The iguana barely misses you.
Something hits you but does no damage.
You closely miss the iguana.
The iguana is lightly wounded.
You block the orc's attack. The orc closely misses you.
The iguana closely misses you. Something hits you but does no damage.
You claw the iguana!
You kill the iguana!
The orc hits you with a +0 falchion.
* * * LOW HITPOINT WARNING * * *
The orc hits you with a +0 flail.
* * * LOW HITPOINT WARNING * * *
Something hits you.
* * * LOW HITPOINT WARNING * * *
You barely miss the orc. You block the orc's attack. The orc barely misses you.
Something hits you.
* * * LOW HITPOINT WARNING * * *
You barely miss the orc. The orc hits you with a +0 falchion.
You die...

#..##..... ..
#......... ...
#######††.......
#..#
####.......###.....
#..####.........##
#....
#..#...........#
....
#...>.........# ...
##.......o{...## #.
#........@....#
#.).....o..#..#
#.........###.#
#.......### ..
#...##### ###.# #..
##. .


You could see 2 orcs.

Vanquished Creatures
  A hound (D:4)
  An orc priest (D:4)
  Jessica (D:3)
  An iguana (D:4)
  3 adders
  A worm (D:2)
  A dart slug (D:1)
  6 orcs
  7 endoplasms
  A goblin (D:1)
  6 hobgoblins
  6 jackals
  2 quokkas
  7 ball pythons
  5 bats
  4 frilled lizards
  9 kobolds
  3 rats
  A spectral orc (D:3)
66 creatures vanquished.

Notes
Turn   | Place    | Note
-------+----------+-------------------------------------------
     0 | D:1      | GloriousHammer the Troll Fighter began the quest for the
                  | Orb.
     0 | D:1      | Reached XP level 1. HP: 22/22 MP: 0/0
    68 | D:1      | Reached XP level 2. HP: 24/29 MP: 1/1
   649 | D:2      | Reached XP level 3. HP: 36/36 MP: 2/2
   660 | D:2      | Reached skill level 3 in Unarmed Combat
   811 | D:2      | Identified the +3 morningstar of Oshacech {heavy, Drain
                  | Str+3}
  1205 | D:3      | Noticed Jessica
  1220 | D:3      | Killed Jessica
  1221 | D:3      | Reached XP level 4. HP: 19/44 MP: 3/3
  1766 | D:3      | Found a basalt altar of Yredelemnul.
  2047 | D:4      | Identified the +1 leather armour "Tobbis" {rElec rC+ Dex+2}
  2082 | D:4      | Reached skill level 4 in Unarmed Combat
  2082 | D:4      | Reached XP level 5. HP: 52/53 MP: 4/4
  2181 | D:4      | HP: 2/53 [something (3)]
  2182 | D:4      | Slain by an orc

Illustrated notes

Levels and vault maps discovered:
D:1:      lemuel_arrival_funnel, layout_rooms, minmay_small_reverse_x
D:2:      layout_loops_ring, serial_glass, glass_columns_a, glass_columns_a
D:3:      layout_basic, yredelemnul_forgotten_temple_becter, uniq_jessica
D:4:      kennysheep_six_static_rooms, layout_cave_pods,
          mainiacjoe_overflow_cross_hatched, minmay_temple_entry_overgrown,
          feat_on_display

Skill      XL: |  1  2  3  4 |
---------------+-------------+-----
Shields        | 3 |  3.6
Unarmed Combat | 3 4 |  4.4
Fighting       | 3 |  3.3
Dodging        | |  2.4

Action                     |  1- 3 |  4- 6 || total
---------------------------+-------+-------++-------
  Melee: Unarmed           |   125 |    69 ||   194
    Use: Potion            |       |     1 ||     1
 Armour: Robe              |    45 |    17 ||    62
  Dodge: Dodged            |    56 |    36 ||    92
  Block: Kite shield       |    41 |    35 ||    76

Table legend: (Time is in decaauts)
 A = Elapsed time spent in this place.
 B = Non-inter-level travel time spent in this place.
 C = Inter-level travel time spent in this place.
 D = Time resting spent in this place.
 E = Time spent auto-exploring this place.
 F = Levels seen in this place.
 G = Mean time per level.
                   A        B        C        D        E       F      G
               +--------+--------+--------+--------+--------+-----+--------+
         Total |   2210 |   2105 |    105 |    126 |   1490 |   4 |  552.5 |
       Dungeon |   2210 |   2105 |    105 |    126 |   1490 |   4 |  552.5 |
               +--------+--------+--------+--------+--------+-----+--------+

Top non-repeatable levels by time:
     D:3: 1009 daAuts
     D:2: 591 daAuts
     D:1: 459 daAuts
     D:4: 149 daAuts
